 Dungeon Crawl Stone Soup version 0.17-a0-1421-g95311d7 (webtiles) character file.

18 patman the Chopper (level 2, -1/24 HPs)
             Began as a Vine Stalker Berserker on June 24, 2015.
             Was a Believer of Trog.
             Succumbed to an adder's poison
             ... on level 2 of the Dungeon.
             The game lasted 00:01:33 (322 turns).

patman the Chopper (Vine Stalker Berserker)          Turns: 322, Time: 00:01:33

Health: -1/24      AC:  2    Str: 24    XL:     2   Next: 66%
Magic:  2/3        EV: 12    Int:  7    God:    Trog [**....]
Gold:   12         SH:  0    Dex: 16    Spells: 0 memorised, 1 level left

rFire  . . .     SeeInvis .     a - +0 hand axe
rCold  . . .     Clarity  .     b - +0 animal skin
rNeg   . . .     SustAt   .     (no shield)
rPois  .         Gourm    .     (no helmet)
rElec  .         Spirit   +     (no cloak)
rCorr  .         Warding  .     (no gloves)
rMut   .         Stasis   .     (no boots)
MR     .....                    (no amulet)
Stlth  ..........               (no ring)
                                l - +3 ring of dexterity

@: berserking, lethally poisoned (-1 -> -11), very quick, not resistant to
hostile enchantments, extremely unstealthy
A: fangs 2, regeneration 1, magic shield, antimagic bite, no device heal 3, rot
immunity
a: Burn Spellbooks, Berserk, Trog's Hand, Renounce Religion


You were on level 2 of the Dungeon.
You worshipped Trog.
Trog was pleased with you.
You were not hungry.

You visited 1 branch of the dungeon, and saw 2 of its levels.

You collected 12 gold pieces.

Inventory:

Hand weapons
 a - a +0 hand axe (weapon)
Armour
 b - a +0 animal skin (worn)
Jewellery
 l - a +3 ring of dexterity (left hand)
Scrolls
 e - a scroll of immolation {unknown}
 g - a scroll of enchant armour {unknown}
 h - a scroll of remove curse {unknown}
 i - a scroll of noise {unknown}
 j - a scroll of identify {unknown}
 k - a scroll of magic mapping {unknown}
Comestibles
 c - 2 bread rations
 d - 2 meat rations
 f - 4 chunks of flesh


   Skills:
 - Level 2.6 Fighting
 + Level 3.5 Axes
 - Level 1.5 Armour
 - Level 1.5 Dodging


You had one spell level left.
You didn't know any spells.

Dungeon Overview and Level Annotations

Branches:
Dungeon (2/15)

Altars:
The Shining One


Innate Abilities, Weirdness & Mutations

You have extremely sharp teeth.
Your natural rate of healing is unusually fast.
When hurt, damage is shared between your health and your magic reserves.
Your bite disrupts and absorbs the magic of your enemies.
Potions and wands cannot restore your health.
You are immune to rotting.


Message History

You feel sick. The adder bites you.
You hit the adder. Your bite misses the adder.
The adder is moderately wounded.
* * * LOW HITPOINT WARNING * * *
You feel sick. The adder barely misses you. The adder bites you.
* * * LOW HITPOINT WARNING * * *
You are more poisoned.
The adder poisons you!
You completely miss the adder. You bite the adder. You drain its power.
You feel invigorated.
The adder is heavily wounded.
* * * LOW HITPOINT WARNING * * *
You feel sick. The adder bites you.
* * * LOW HITPOINT WARNING * * *
Unknown command.
Use which ability? (? or * to list)
A red film seems to cover your vision as you go berserk!
You feel yourself moving faster!
You feel mighty!
You feel somewhat more hungry.
You die...

#'#.......)...#...#
....###.#......##.#
........#.....## ##
....#####.#.######
....'...#.#.####_###
....###.#.### .....
.#### #.....##♣...♣#
.# ###.#.##..S..# .#
#.#. ♣.@.♣ .#
#####.#.####'#### .#
#.....#.......#.# ##
##+###.#.........#
#......##......###
####..............#
..(.......####..#.#
...........# ##.#.#
...........# #.#.#


You could see an adder.

Vanquished Creatures
  A worm (D:2)
  A hobgoblin (D:2)
  2 giant cockroaches (D:1)
  2 giant newts (D:2)
  4 goblins
  3 kobolds (D:2)
  3 rats
16 creatures vanquished.

Notes
Turn   | Place    | Note
--------------------------------------------------------------
     0 | D:1      | patman the Vine Stalker Berserker began the quest for the Orb.
     0 | D:1      | Reached XP level 1. HP: 11/11 MP: 2/2
   126 | D:2      | Reached skill level 3 in Axes
   135 | D:2      | Reached XP level 2. HP: 5/16 MP: 3/3
   302 | D:2      | Acquired Trog's second power
   314 | D:2      | Found a glowing golden altar of the Shining One.
   322 | D:2      | Succumbed to an adder's poison

Vault maps used:
D:1:      lightli_arrival_boilingwater
D:2:      tso_altar

Action                   || total
-------------------------++-------
Melee: Hand axe          ||    42
Invok: Berserk           ||     1
 Stab: Sleeping          ||     1
